 Dungeon Crawl Stone Soup version 0.31-a0-851-g7ff8af7976 (webtiles) character file.

Game seed: 7042254114526955004

45 BritishOli the Trooper (level 3, -4/29 HPs)
             Began as a Demonspawn Fighter on Oct 6, 2023.
             Slain by Sigmund
             ... wielding a +0 scythe
              (6 damage)
             ... on level 2 of the Dungeon.
             The game lasted 00:01:22 (743 turns).

BritishOli the Trooper (Demonspawn Fighter)          Turns: 743, Time: 00:01:23

Health: -4/29      AC:  6    Str: 18    XL:     3   Next: 42%
Magic:  3/3        EV: 17    Int:  9    God:
Gold:   32         SH:  0    Dex: 14    Spells: 2/2 levels left

rFire   + + .        a - melded +0 war axe
rCold   + + .        c - melded +0 buckler
rNeg    + + +        b - melded +0 scale mail
rPois   ∞            (helmet currently unavailable)
rElec   +            (cloak currently unavailable)
rCorr   +            (gloves currently unavailable)
SInv    .            (boots currently unavailable)
Will    .....        (amulet currently unavailable)
Stlth   ++           e - melded +4 ring of protection
HPRegen 0.24/turn    (ring currently unavailable)
MPRegen 0.08/turn

%: no passive effects
@: wisp-form, flying
A: insubstantial, flying, no casting, tiny, thin skeletal structure 1, powered
by death 1
a: no special abilities


You were on level 2 of the Dungeon.
You were an insubstantial wisp.
You visited 1 branch of the dungeon, and saw 2 of its levels.

You collected 32 gold pieces.

Inventory:

Hand Weapons
 a - a +0 war axe (melded)
Armour
 b - a +0 scale mail (melded)
 c - a +0 buckler (melded)
Jewellery
 e - a +4 ring of protection (melded)
Scrolls
 f - a scroll of immolation {unknown}
 h - a scroll of noise {unknown}
Potions
 d - a potion of might
 g - a potion of degeneration {unknown}


   Skills:
 * Level 3.4 Fighting
 * Level 2.4 Axes
 + Level 3.1 Armour
 - Level 3.0 Shields


You had 2 spell levels left.
You didn't know any spells.
Your spell library contained the following spells:

 Spells                   Type           Power      Damage    Failure   Level
 Dazzling Flash           Conj/Hex       0%         N/A       77%         3
 Volatile Blastmotes      Fire/Tloc      0%         2d10      77%         3
 Starburst                Conj/Fire      0%         6d3       100%        6
 Maxwell's Capacitive Co  Air            0%         ∞         100%        8


Dungeon Overview and Level Annotations

Branches:
Dungeon (2/15)

Altars:

Annotations:
D:2 Sigmund


Innate Abilities, Weirdness & Mutations

You are an insubstantial wisp.
Your tiny insubstantial body is highly resistant to most damage types.
You are flying.
Your equipment is entirely melded.
You are incapable of wielding weapons or throwing items.
You cannot cast spells.
You have a somewhat thin skeletal structure. (Dex +2, Stealth+)
You regenerate a little health from kills.


Message History

You miss the adder. The adder barely misses you.
Sigmund hits you with a +0 scythe! The adder barely misses you.
You hit Sigmund but do no damage.
Sigmund is almost dead.
You closely miss the adder. The adder bites you but does no damage.
Sigmund zaps a wand.
You turn into an insubstantial wisp.
Your +0 war axe melds into your body.
Your +0 buckler melds into your body.
Your +0 scale mail melds into your body.
Your +4 ring of protection melds into your body.
The adder bites you but does no damage.
You touch Sigmund but do no damage.
Sigmund is almost dead.
The adder completely misses you. Sigmund gestures at you while chanting.
You are confused.
Sigmund gestures wildly while chanting.
Sigmund flickers and vanishes!
Deactivating autopickup; reactivate with Ctrl-A.
The adder bites you but does no damage. Something hits you but does no damage.
The adder barely misses you.
You barely miss the adder. The adder completely misses you. Something hits you.
There is a stone staircase leading up here.
The adder completely misses you. The adder bites you but does no damage.
You feel less confused.
A magic dart appears from out of thin air!
The magic dart hits you.
You miss the adder. The adder bites you but does no damage. Something hits you.
You touch the adder.
The adder is severely wounded.
The adder barely misses you. The adder completely misses you.
Something barely misses you. The adder barely misses you.
You touch the adder!
You kill the adder!
Something hits you.
You closely miss something. You barely miss something. Something hits you!
* * * LOW HITPOINT WARNING * * *
You barely miss something. Something hits you.
You die...

# ..# .#... .#.#
######...#
#........#
#.....>..##
#.v{...<....
#####<......###.
#...........#
#.#.#....####
#.....#..#
#.#.#....#
#.....##.#
#..#### .# #..
.#


There were no monsters in sight!

Vanquished Creatures
  An adder (D:2)
  3 ball pythons (D:1)
  6 endoplasms (D:1)
  2 giant cockroaches (D:1)
  7 hobgoblins (D:1)
  5 jackals (D:1)
  A bat (D:1)
  A frilled lizard (D:1)
  3 kobolds (D:1)
  2 rats (D:1)
31 creatures vanquished.

Notes
Turn   | Place    | Note
-------+----------+-------------------------------------------
     0 | D:1      | BritishOli the Demonspawn Fighter began the quest for the
                  | Orb.
     0 | D:1      | Reached XP level 1. HP: 18/18 MP: 1/1
    91 | D:1      | Gained mutation: You have a somewhat thin skeletal
                  | structure. (Dex +2, Stealth+) [demonic ancestry]
    91 | D:1      | Reached XP level 2. HP: 24/24 MP: 2/2
   414 | D:1      | Gained mutation: You regenerate a little health from kills.
                  | [demonic ancestry]
   414 | D:1      | Reached XP level 3. HP: 29/29 MP: 3/3
   712 | D:2      | Noticed Sigmund
   743 | D:2      | Slain by Sigmund

Illustrated notes

Levels and vault maps discovered:
D:1:      dpeg_arrival_castle, layout_loops_ring
D:2:      layout_rooms, serial_glass, glass_columns_a, glass_columns_a,
          glass_columns_a, glass_columns_a, uniq_sigmund

Skill      XL: |  1  2 |
---------------+-------+-----
Axes           | 2 |  2.4
Armour         | 3 |  3.1
Shields        | 3 |  3.0
Fighting       | |  3.4

Action                     || total
---------------------------++-------
  Melee: War axe           ||    85
         Unarmed           ||     8
 Armour: Scale mail        ||    59
         Skin              ||    11
  Dodge: Dodged            ||    46
  Block: Buckler           ||    20

Table legend: (Time is in decaauts)
 A = Elapsed time spent in this place.
 B = Non-inter-level travel time spent in this place.
 C = Inter-level travel time spent in this place.
 D = Time resting spent in this place.
 E = Time spent auto-exploring this place.
 F = Levels seen in this place.
 G = Mean time per level.
                   A        B        C        D        E       F      G
               +--------+--------+--------+--------+--------+-----+--------+
         Total |    783 |    768 |     15 |      0 |    534 |   2 |  391.5 |
       Dungeon |    783 |    768 |     15 |      0 |    534 |   2 |  391.5 |
               +--------+--------+--------+--------+--------+-----+--------+

Top non-repeatable levels by time:
     D:1: 748 daAuts
     D:2: 34 daAuts
